TOP OF THE 1ST |
Oakland Oaks batting - Pitching for Brooklyn Dodgers : RHP Brian Morris
|
Pitching: RHP Brian Morris
|
|
Batting: LHB Jesús Quintanilla
|
0-0: Called Strike 0-1: Foul Ball, location: 2F 0-2: Ball 1-2: Foul Ball, location: 2F 1-2: Fly out, F7 (Popup, 7S)
|
Batting: LHB Edwin Church
|
0-0: Ball 1-0: Ball 2-0: Called Strike 2-1: Foul Ball, location: 2F 2-2: Ground out U3 (Groundball, 3)
|
Batting: LHB Todd Henry
|
0-0: SINGLE (Line Drive, 6M)
|
Batting: SHB John Allen
|
0-0: Ball 1-0: Swinging Strike 1-1: SINGLE (Groundball, 34D) Todd Henry to second Runner from 2nd tries for 3rd, SAFE, throw made to third John Allen to second
|
Batting: LHB Todd Williams
|
0-0: Ball 1-0: Ball 2-0: Ball 3-0: Base on Balls
|
Batting: LHB Mal Wadley
|
0-0: Ball 1-0: Foul Ball, location: 2F 1-1: GRAND SLAM HOME RUN (Flyball, 9D), Distance : 400 ft
|
Batting: RHB Miguel Fernández
|
0-0: Ball 1-0: Called Strike 1-1: Fly out, F6 (Line Drive, 6)
|
Top of the 1st over - 4 run(s), 3 hit(s), 0 error(s), 0 left on base; Oakland 4 - Brooklyn 0 |
BOTTOM OF THE 1ST |
Brooklyn Dodgers batting - Pitching for Oakland Oaks : RHP Mimosa Joseph
|
Pitching: RHP Mimosa Joseph
|
|
Batting: LHB Ron Bascombe
|
0-0: Ball 1-0: Ball 2-0: Ball 3-0: Called Strike 3-1: Fly out, F4 (Popup, 4)
|
Batting: RHB Vincent Crane
|
0-0: Ball 1-0: Ball 2-0: Fly out, F7 (Flyball, 7M)
|
Batting: RHB Oliver Aranda
|
0-0: Ball 1-0: Foul Ball, location: 2F 1-1: Foul Ball, location: 2F 1-2: Foul Ball, location: 2F 1-2: Ground out 6-3 (Groundball, 6M)
|
Bottom of the 1st over - 0 run(s), 0 hit(s), 0 error(s), 0 left on base; Oakland 4 - Brooklyn 0 |
TOP OF THE 2ND |
Oakland Oaks batting - Pitching for Brooklyn Dodgers : RHP Brian Morris
|
Batting: RHB Rafael Durango
|
0-0: Called Strike 0-1: SINGLE (Line Drive, 8LS)
|
Batting: RHB Jim Lee
|
0-0: Ball 1-0: Foul Ball, location: 2F 1-1: Called Strike Rafael Durango steals 2nd base 1-2: DOUBLE (Line Drive, 7D) Rafael Durango scores
|
Batting: LHB Jesús Quintanilla
|
0-0: Ball 1-0: Swinging Strike 1-1: Swinging Strike 1-2: Foul Ball, location: 2F 1-2: Strikes out swinging
|
Batting: LHB Edwin Church
|
0-0: Called Strike 0-1: Ball 1-1: Ball 2-1: Ground out 4-3 (Groundball, 4) Jim Lee to third
|
Batting: LHB Todd Henry
|
0-0: Ball 1-0: Foul Ball, location: 2F 1-1: Swinging Strike 1-2: Foul Ball, location: 2F 1-2: Strikes out swinging
|
Top of the 2nd over - 1 run(s), 2 hit(s), 0 error(s), 1 left on base; Oakland 5 - Brooklyn 0 |
BOTTOM OF THE 2ND |
Brooklyn Dodgers batting - Pitching for Oakland Oaks : RHP Mimosa Joseph
|
Batting: LHB Avon Barksdale
|
0-0: Ball 1-0: Ball 2-0: Called Strike 2-1: Foul Ball, location: 2F 2-2: Strikes out swinging
|
Batting: RHB Thom Wilcox
|
0-0: Called Strike 0-1: Ball 1-1: Ball 2-1: Ball 3-1: Base on Balls
|
Batting: LHB Ned Durand
|
0-0: Foul Ball, location: 2F 0-1: Called Strike 0-2: Strikes out swinging
|
Batting: RHB Miguel Vidro
|
0-0: Called Strike 0-1: Foul Ball, location: 2F 0-2: Ground out 5-3 (Groundball, 5S)
|
Bottom of the 2nd over - 0 run(s), 0 hit(s), 0 error(s), 1 left on base; Oakland 5 - Brooklyn 0 |
TOP OF THE 3RD |
Oakland Oaks batting - Pitching for Brooklyn Dodgers : RHP Brian Morris
|
Batting: SHB John Allen
|
0-0: Called Strike 0-1: Called Strike 0-2: Ball 1-2: Ground out 4-3 (Groundball, 4)
|
Batting: LHB Todd Williams
|
0-0: Called Strike 0-1: Ball 1-1: DOUBLE (Line Drive, 3L)
|
Batting: LHB Mal Wadley
|
0-0: Ball 1-0: DOUBLE (Flyball, 9LM) Todd Williams scores
|
Batting: RHB Miguel Fernández
|
Single, Error in OF, E9, batter to second base Mal Wadley scores
|
Batting: RHB Rafael Durango
|
0-0: Ball 1-0: Ball 2-0: Fly out, F6 (Line Drive, 6M)
|
Batting: RHB Jim Lee
|
0-0: Called Strike 0-1: Ball 1-1: Ground out 3-1 (Groundball, 34)
|
Top of the 3rd over - 2 run(s), 3 hit(s), 1 error(s), 1 left on base; Oakland 7 - Brooklyn 0 |
BOTTOM OF THE 3RD |
Brooklyn Dodgers batting - Pitching for Oakland Oaks : RHP Mimosa Joseph
|
Batting: RHB José Herrera
|
0-0: Called Strike 0-1: Called Strike 0-2: Ball 1-2: Fly out, F8 (Flyball, 8RS)
|
Batting: RHB Gustavo Mateo
|
0-0: Fly out, F4 (Popup, 34D)
|
Batting: LHB Ron Bascombe
|
0-0: Called Strike 0-1: SINGLE (Groundball, 34D)
|
Batting: RHB Vincent Crane
|
0-0: Ball 1-0: Called Strike 1-1: Reached on Error, E8 (Flyball, 8RD) Ron Bascombe to third
|
Batting: RHB Oliver Aranda
|
0-0: Foul Ball, location: 2F 0-1: Foul Ball, location: 2F 0-2: Ground out 5-3 (Groundball, 5)
|
Bottom of the 3rd over - 0 run(s), 1 hit(s), 1 error(s), 2 left on base; Oakland 7 - Brooklyn 0 |
TOP OF THE 4TH |
Oakland Oaks batting - Pitching for Brooklyn Dodgers : RHP Brian Morris
|
Pitching: RHP Eduardo Romero
|
|
Batting: LHB Jesús Quintanilla
|
0-0: Called Strike 0-1: Called Strike 0-2: Strikes out swinging
|
Batting: LHB Edwin Church
|
0-0: Ball 1-0: Ball 2-0: Called Strike 2-1: Called Strike 2-2: Foul Ball, location: 2F 2-2: Ball 3-2: Fly out, F2 (Popup, 23F)
|
Batting: LHB Todd Henry
|
0-0: Ball 1-0: Ball 2-0: Fly out, F6 (Popup, 6D)
|
Top of the 4th over - 0 run(s), 0 hit(s), 0 error(s), 0 left on base; Oakland 7 - Brooklyn 0 |
BOTTOM OF THE 4TH |
Brooklyn Dodgers batting - Pitching for Oakland Oaks : RHP Mimosa Joseph
|
Batting: LHB Avon Barksdale
|
0-0: Swinging Strike 0-1: Foul Ball, location: 2F 0-2: Ball 1-2: Foul Ball, location: 2F 1-2: Foul Ball, location: 2F 1-2: Ball 2-2: Foul Ball, location: 2F 2-2: Strikes out swinging
|
Batting: RHB Thom Wilcox
|
0-0: Ball 1-0: Foul Ball, location: 2F 1-1: Ball 2-1: SINGLE (Line Drive, 8LS)
|
Batting: LHB Ned Durand
|
0-0: Grounds into double play, 4-6-3 (Groundball, 4)
|
Bottom of the 4th over - 0 run(s), 1 hit(s), 0 error(s), 0 left on base; Oakland 7 - Brooklyn 0 |
TOP OF THE 5TH |
Oakland Oaks batting - Pitching for Brooklyn Dodgers : RHP Eduardo Romero
|
Batting: SHB John Allen
|
0-0: Ball 1-0: Foul Ball, location: 2F 1-1: DOUBLE (Flyball, 78D)
|
Batting: LHB Todd Williams
|
0-0: Ball 1-0: Foul Ball, location: 2F 1-1: Foul Ball, location: 2F 1-2: Ball 2-2: Ball 3-2: Foul Ball, location: 2F 3-2: Ground out 2-3 (Groundball, 2L) John Allen to third
|
Batting: LHB Mal Wadley
|
0-0: Ball 1-0: Ball 2-0: Swinging Strike 2-1: Swinging Strike 2-2: Foul Ball, location: 2F 2-2: Ground out 1-3 (Groundball, 25)
|
Batting: RHB Miguel Fernández
|
0-0: Called Strike 0-1: Ball 1-1: Ball 2-1: Ball 3-1: Foul Ball, location: 2F 3-2: Fly out, F7 (Flyball, 78M)
|
Top of the 5th over - 0 run(s), 1 hit(s), 0 error(s), 1 left on base; Oakland 7 - Brooklyn 0 |
BOTTOM OF THE 5TH |
Brooklyn Dodgers batting - Pitching for Oakland Oaks : RHP Mimosa Joseph
|
Batting: RHB Miguel Vidro
|
0-0: Fly out, F4 (Popup, 4S)
|
Batting: RHB José Herrera
|
0-0: Ball 1-0: Fly out, F7 (Flyball, 78D)
|
Batting: RHB Gustavo Mateo
|
0-0: Reached on error, E5 (Groundball, 5)
|
Batting: LHB Ron Bascombe
|
0-0: Called Strike Gustavo Mateo steals 2nd base 0-1: Ball 1-1: Ball 2-1: Swinging Strike 2-2: Foul Ball, location: 2F 2-2: Ball 3-2: Base on Balls
|
Batting: RHB Vincent Crane
|
0-0: Called Strike 0-1: Called Strike 0-2: Ball 1-2: Foul Ball, location: 2F 1-2: Ball 2-2: Foul Ball, location: 2F 2-2: SINGLE (Groundball, 6MD) (infield hit) Gustavo Mateo to third Ron Bascombe to second
|
Batting: RHB Oliver Aranda
|
0-0: Ground out 3-1 (Groundball, 34)
|
Bottom of the 5th over - 0 run(s), 1 hit(s), 1 error(s), 3 left on base; Oakland 7 - Brooklyn 0 |
TOP OF THE 6TH |
Oakland Oaks batting - Pitching for Brooklyn Dodgers : RHP Eduardo Romero
|
Batting: RHB Rafael Durango
|
0-0: Ball 1-0: Ball 2-0: Ball 3-0: Called Strike 3-1: Foul Ball, location: 2F 3-2: Foul Ball, location: 2F 3-2: SOLO HOME RUN (Flyball, 7D), Distance : 400 ft
|
Batting: RHB Jim Lee
|
0-0: Ball 1-0: Fly out, F8 (Flyball, 8LM)
|
Batting: LHB Jesús Quintanilla
|
0-0: Ball 1-0: Ball 2-0: Called Strike 2-1: Foul Ball, location: 2F 2-2: Ball 3-2: Foul Ball, location: 2F 3-2: Strikes out swinging
|
Batting: LHB Edwin Church
|
0-0: Ball 1-0: SINGLE (Line Drive, 89S)
|
Batting: LHB Todd Henry
|
0-0: Swinging Strike 0-1: Ball 1-1: SINGLE (Groundball, 34D) Edwin Church to second Runner from 2nd tries for 3rd, OUT!
|
Top of the 6th over - 1 run(s), 3 hit(s), 0 error(s), 1 left on base; Oakland 8 - Brooklyn 0 |
BOTTOM OF THE 6TH |
Brooklyn Dodgers batting - Pitching for Oakland Oaks : RHP Mimosa Joseph
|
Batting: LHB Avon Barksdale
|
0-0: Called Strike 0-1: Foul Ball, location: 2F 0-2: Ball 1-2: SINGLE (Line Drive, 89M)
|
Batting: RHB Thom Wilcox
|
0-0: Ball 1-0: Foul Ball, location: 2F 1-1: Grounds into double play, 5-4-3 (Groundball, 5L)
|
Batting: LHB Ned Durand
|
0-0: Ball 1-0: Ball 2-0: Swinging Strike 2-1: Ground out 6-3 (Groundball, 6)
|
Bottom of the 6th over - 0 run(s), 1 hit(s), 0 error(s), 0 left on base; Oakland 8 - Brooklyn 0 |
TOP OF THE 7TH |
Oakland Oaks batting - Pitching for Brooklyn Dodgers : RHP Eduardo Romero
|
Pitching: RHP Deron Kuhn
|
|
Batting: SHB John Allen
|
0-0: Ground out 4-3 (Groundball, 4)
|
Batting: LHB Todd Williams
|
0-0: Ground out 4-3 (Groundball, 4)
|
Batting: LHB Mal Wadley
|
0-0: Ball 1-0: Foul Ball, location: 2F 1-1: Ball 2-1: SINGLE (Line Drive, 34)
|
Batting: RHB Miguel Fernández
|
0-0: Called Strike 0-1: SINGLE (Line Drive, 4M) Mal Wadley to second
|
Batting: RHB Rafael Durango
|
0-0: Ground out 1-3 (Groundball, 13)
|
Top of the 7th over - 0 run(s), 2 hit(s), 0 error(s), 2 left on base; Oakland 8 - Brooklyn 0 |
BOTTOM OF THE 7TH |
Brooklyn Dodgers batting - Pitching for Oakland Oaks : RHP Mimosa Joseph
|
Now in CF: Jim Allen
|
|
Batting: RHB Miguel Vidro
|
0-0: Called Strike 0-1: Foul Ball, location: 2F 0-2: Ball 1-2: Strikes out looking
|
Batting: RHB José Herrera
|
0-0: SINGLE (Line Drive, 4MD)
|
Batting: RHB Gustavo Mateo
|
0-0: Ball 1-0: Called Strike 1-1: Foul Ball, location: 2F 1-2: Ball 2-2: Foul Ball, location: 2F 2-2: Foul Ball, location: 2F 2-2: Fly out, F7 (Flyball, 7LM)
|
Batting: LHB Ron Bascombe
|
0-0: Ball 1-0: Ball 2-0: Called Strike 2-1: Ball 3-1: Called Strike 3-2: Strikes out swinging
|
Bottom of the 7th over - 0 run(s), 1 hit(s), 0 error(s), 1 left on base; Oakland 8 - Brooklyn 0 |
TOP OF THE 8TH |
Oakland Oaks batting - Pitching for Brooklyn Dodgers : RHP Deron Kuhn
|
Batting: RHB Jim Lee
|
0-0: Ball 1-0: Ground out 6-3 (Groundball, 6)
|
Batting: LHB Jesús Quintanilla
|
0-0: Ball 1-0: Foul Ball, location: 2F 1-1: SOLO HOME RUN (Flyball, 89XD), Distance : 439 ft
|
Batting: LHB Edwin Church
|
0-0: Ball 1-0: DOUBLE (Line Drive, 89M)
|
Batting: LHB Todd Henry
|
0-0: Ball 1-0: Foul Ball, location: 2F 1-1: Fly out, F2 (Popup, 2LF)
|
Batting: SHB John Allen
|
0-0: Ball 1-0: Foul Ball, location: 2F 1-1: Ball 2-1: Foul Ball, location: 2F 2-2: Strikes out swinging
|
Top of the 8th over - 1 run(s), 2 hit(s), 0 error(s), 1 left on base; Oakland 9 - Brooklyn 0 |
BOTTOM OF THE 8TH |
Brooklyn Dodgers batting - Pitching for Oakland Oaks : RHP Mimosa Joseph
|
Now at 2B: Dave Henderson
|
|
Batting: RHB Vincent Crane
|
0-0: Ball 1-0: Foul Ball, location: 2F 1-1: Fly out, F4 (Line Drive, 4)
|
Batting: RHB Oliver Aranda
|
0-0: Ball 1-0: Ball 2-0: Swinging Strike 2-1: Ground out 5-3 (Groundball, 5)
|
Batting: LHB Avon Barksdale
|
0-0: Ball 1-0: Fly out, F3 (Popup, 3S)
|
Bottom of the 8th over - 0 run(s), 0 hit(s), 0 error(s), 0 left on base; Oakland 9 - Brooklyn 0 |
TOP OF THE 9TH |
Oakland Oaks batting - Pitching for Brooklyn Dodgers : RHP Deron Kuhn
|
Batting: RHB Jim Allen
|
0-0: Ball 1-0: Ball 2-0: Ball 3-0: Called Strike 3-1: Base on Balls
|
Batting: LHB Mal Wadley
|
0-0: Called Strike 0-1: 2-RUN HOME RUN (Flyball, 9D), Distance : 382 ft
|
Batting: RHB Miguel Fernández
|
0-0: Ball 1-0: Called Strike 1-1: Foul Ball, location: 2F 1-2: Foul Ball, location: 2F 1-2: Ball 2-2: Strikes out swinging
|
Batting: RHB Rafael Durango
|
0-0: Called Strike 0-1: Ball 1-1: Ball 2-1: Foul Ball, location: 2F 2-2: Ball 3-2: Ground out 1-3 (Groundball, 25)
|
Batting: RHB Jim Lee
|
0-0: Foul Ball, location: 2F 0-1: Ball 1-1: Foul Ball, location: 2F 1-2: Ball 2-2: Foul Ball, location: 2F 2-2: Ball 3-2: Foul Ball, location: 2F 3-2: Foul Ball, location: 2F 3-2: SINGLE (Groundball, 56D)
|
Batting: LHB Jesús Quintanilla
|
0-0: Ball 1-0: Ball 2-0: Fly out, F7 (Flyball, 7D)
|
Top of the 9th over - 2 run(s), 2 hit(s), 0 error(s), 1 left on base; Oakland 11 - Brooklyn 0 |
BOTTOM OF THE 9TH |
Brooklyn Dodgers batting - Pitching for Oakland Oaks : RHP Mimosa Joseph
|
Batting: RHB Thom Wilcox
|
0-0: Ball 1-0: Fly out, F5 (Popup, 5)
|
Batting: LHB Ned Durand
|
0-0: Foul Ball, location: 2F 0-1: Ball 1-1: Ball 2-1: Fly out, F7 (Flyball, 7LM)
|
Batting: RHB Miguel Vidro
|
0-0: Fly out, F7 (Line Drive, 78M)
|
Bottom of the 9th over - 0 run(s), 0 hit(s), 0 error(s), 0 left on base; Oakland 11 - Brooklyn 0 |
|